 Dungeon Crawl Stone Soup version 0.22-a0-247-gbddf880 (webtiles) character file.

13577 M4edhros the Martial Artist (level 12, 0/75 HPs)
             Began as an Octopode Artificer on Dec 25, 2017.
             Was an Elder of Cheibriados.
             Slain by a slime creature (2 damage)
             ... on level 12 of the Dungeon on Feb 23, 2018.
             The game lasted 00:42:53 (5620 turns).

M4edhros the Martial Artist (Octopode Artificer)    Turns: 5620, Time: 00:42:54

Health: 0/75       AC:  5    Str: 20      XL:     12   Next: 7%
Magic:  2/17       EV: 24    Int: 21 (23) God:    Cheibriados [****..]
Gold:   690        SH: 15    Dex: 25 (26) Spells: 11/11 levels left

rFire    . . .     SeeInvis .   q - +2 demon trident (vamp)
rCold    . . .     Gourm    .   A - +3 shield
rNeg     + . .     Faith    .   (helmet restricted)
rPois    .         Spirit   .   (no amulet)
rElec    .         Reflect  .   e - ring of flight
rCorr    .         Harm     .   m - +4 ring of evasion
MR       .....     Clarity  +   v - +2 ring of protection
Stlth    ++++++....             g - ring of positive energy
HPRegen  0.00/turn              x - ring of stealth
MPRegen  0.15/turn              F - ring of wizardry
                                (no ring)
                                (no ring)

@: very slow
A: almost no armour, stealthy swim, amphibious, 8 rings, constrict 8, icy blue
scales 1, camouflage 1, clarity, inhibited regeneration, gelatinous body 1
a: Bend Time, Temporal Distortion, Slouch, Renounce Religion, Evoke Flight


You were on level 12 of the Dungeon.
You worshipped Cheibriados.
Cheibriados was greatly pleased with you.
You were very hungry.

You visited 2 branches of the dungeon, and saw 13 of its levels.

You collected 690 gold pieces.

Inventory:

Hand Weapons
 a - a +0 short sword
 q - a +2 vampiric demon trident (weapon)
 r - a +2 whip of electrocution
 y - a +0 blowgun
Missiles
 z - 3 poisoned needles
Armour
 A - a +3 shield (worn)
Magical Staves
 o - an uncursed staff of energy {unknown}
Jewellery
 e - a ring of flight (left tentacle)
 g - a ring of positive energy (on tentacle)
 m - a +4 ring of evasion (right tentacle)
 v - a +2 ring of protection (on tentacle)
 x - a ring of stealth (on tentacle)
 F - a ring of wizardry (on tentacle)
Wands
 b - a wand of flame (16)
 c - a wand of enslavement (9)
 B - a wand of polymorph (4)
Scrolls
 h - 7 scrolls of remove curse {unknown}
 i - a scroll of teleportation
 j - 2 scrolls of fog {unknown}
 k - a scroll of immolation
 l - a scroll of vulnerability {unknown}
 s - 2 scrolls of amnesia
 w - 4 scrolls of magic mapping
 D - a scroll of noise
Potions
 d - a potion of agility
 t - 3 potions of curing
 C - 2 potions of resistance
Miscellaneous
 n - a lightning rod (4/4)
 E - a sack of spiders
Comestibles
 f - 14 rations


   Skills:
 + Level 4.3 Fighting
 - Level 1.0 Short Blades
 * Level 6.0 Polearms
 + Level 8.0 Dodging
 - Level 8.0 Stealth
 + Level 7.7 Shields
 - Level 9.1 Unarmed Combat
 * Level 7.5 Invocations
 - Level 7.0 Evocations


You had 11 spell levels left.
You didn't know any spells.

Dungeon Overview and Level Annotations

Branches:
Dungeon (12/15)            Temple (1/1) D:4            Lair (0/6) D:10
    Orc (0/2) D:9

Altars:
Ashenzari
Cheibriados
Dithmenos
Gozag
Hepliaklqana
Kikubaaqudgha
Makhleb
Nemelex Xobeh
Okawaru
Qazlal
Ru
Sif Muna
Trog
Uskayaw
Vehumet
Wu Jian
Xom
Yredelemnul
Zin
The Shining One

Annotations:
D:11 exclusion: vampire


Innate Abilities, Weirdness & Mutations

You cannot wear most types of armour.
You are very stealthy in the water. (Stealth+)
You are amphibious.
You can wear up to eight rings at the same time.
You can use your tentacles to constrict eight enemies at once.
Your skin changes colour to match your surroundings (Stealth+).
Your rubbery body absorbs attacks. (AC +1, EV +1)
You are partially covered in icy blue scales. (AC +2)
You possess an exceptional clarity of mind.
You do not regenerate when monsters are visible.


Message History

The cyclops barely misses you.
Okay, then.
You can feel time thicken for a moment.
You kill the slime creature!
Cheibriados appreciates the change of pace.
Your Polearms skill increases to level 6!
You are feeling very hungry.
Cheibriados lowers the support of your attributes as your movement quickens.
The slime creature hits you!
* * * LOW HITPOINT WARNING * * *
Okay, then.
Okay, then.
Evoke which item? (* to show all) (? for menu, Esc to quit)
Okay, then.
Okay, then.
Okay, then.
You feel better. The cyclops hits you!
* * * LOW HITPOINT WARNING * * *
The slime creature hits you.
You die...

#.(.....# #.# #.###
#.......# #.# #.# #.......#
#.# #.#
#.......#########.#######.#
..........................#
...H...............#######.#
.....J........# #.#
>......J......# #.###
....>..J@.....# #....
......)C......#######.###
.o....................#
###........##########.#
#........# #.# #........#
#.# #........# #.#
#........# #.#
#........##########.###


You could see 3 slime creatures, a cyclops and an orc (wandering).

Vanquished Creatures
  An entropy weaver (D:12)
  A two-headed ogre (D:7)
  A queen ant (D:12)
  Pikel (D:5)
  2 ugly things (D:12)
  A komodo dragon (D:10)
  A kobold demonologist (D:12)
  A troll (D:10)
  A jumping spider (D:10)
  2 steam dragons
  2 hornets
  Grinder (D:3)
  2 slime creatures (D:12)
  2 hippogriffs
  A shadow (D:12)
  A vampire (D:10)
  A hungry ghost (D:12)
  4 vampire mosquitoes (D:12)
  21 soldier ants
  3 orc warriors
  3 sky beasts
  2 ogres
  3 phantoms
  A centaur (D:6)
  The ghost of imbaray the Ruffian, an amateur VSBe of Trog (D:3)
  7 bullfrogs
  A big kobold (D:9)
  A wyvern skeleton (D:12)
  2 scorpions
  9 wights (D:12)
  2 howler monkeys
  7 crimson imps
  8 orc priests
  8 orc wizards
  2 quasits (D:7)
  6 hounds
  2 jellies (D:5)
  2 bullfrog skeletons
  3 iron imps (D:7)
  Crazy Yiuf (D:3)
  Ijyb (D:3)
  2 centaur skeletons
  A gnoll shaman (D:10)
  2 iguanas
  23 worker ants
  2 hound zombies
  2 worker ant zombies (D:7)
  9 gnolls
  3 adders
  3 shadow imps
  2 adder skeletons
  2 worms
  3 dart slugs
  2 leopard geckos
  30 orcs
  A ball python (D:3)
  3 giant cockroaches
  6 goblins
  3 hobgoblins
  7 jackals
  A quokka (D:3)
  5 bats
  5 frilled lizards
  13 kobolds
  A quokka skeleton (D:9)
  7 rats
260 creatures vanquished.

Vanquished Creatures (collateral kills)
  A steam dragon (D:7)
  An orc wizard (D:5)
  4 orcs (D:5)
  A hobgoblin (D:3)
  A kobold (D:3)
8 creatures vanquished.

Vanquished Creatures (others)
  3 soldier ants (D:12)
  A slave (D:5)
  An ogre (D:5)
  A scorpion (D:5)
  A crimson imp (D:5)
  A gnoll (D:3)
  A giant cockroach (D:5)
  A plant (D:10)
10 creatures vanquished.

Grand Total: 278 creatures vanquished

Notes
Turn   | Place    | Note
-------+----------+-------------------------------------------
     0 | D:1      | M4edhros the Octopode Artificer began the quest for the Orb.
     0 | D:1      | Reached XP level 1. HP: 13/13 MP: 3/3
   198 | D:3      | Found an ornate altar of the Wu Jian Council.
   198 | D:3      | Noticed Ijyb
   219 | D:3      | Reached XP level 2. HP: 8/18 MP: 4/4
   233 | D:3      | Killed Ijyb
   233 | D:3      | Reached XP level 3. HP: 11/23 MP: 5/5
   513 | D:3      | Noticed imbaray's ghost (amateur VSBe)
   517 | D:3      | Gained mutation: You do not regenerate when monsters are visible. [potion of mutation]
   517 | D:3      | Gained mutation: You are partially covered in icy blue scales. (AC +2) [potion of mutation]
   517 | D:3      | Gained mutation: You possess an exceptional clarity of mind. [potion of mutation]
   520 | D:3      | Killed imbaray's ghost
   520 | D:3      | Reached XP level 4. HP: 6/28 MP: 5/7
   606 | D:4      | Reached XP level 5. HP: 15/33 MP: 8/8
   703 | D:4      | Noticed a phantom
   722 | D:5      | Entered Level 5 of the Dungeon
   727 | D:5      | Noticed a slave
   740 | D:5      | Reached skill level 5 in Stealth
   740 | D:5      | Reached skill level 5 in Evocations
   740 | D:5      | Reached XP level 6. HP: 29/38 MP: 9/9
   752 | D:5      | Found an opulent altar of Gozag.
   880 | D:5      | Found an opulent altar of Gozag.
   896 | D:5      | Reached XP level 7. HP: 33/43 MP: 9/11
   936 | D:5      | Noticed Pikel
   950 | D:5      | Killed Pikel
   950 | D:5      | Reached skill level 5 in Dodging
  1030 | D:5      | Found a sparkling altar of Nemelex Xobeh.
  1124 | D:4      | Reached XP level 8. HP: 20/48 MP: 12/12
  1241 | D:4      | Found a staircase to the Ecumenical Temple.
  1251 | Temple   | Entered the Ecumenical Temple
  1292 | Temple   | Became a worshipper of Cheibriados the Contemplative
  1368 | D:3      | Noticed Grinder
  1384 | D:3      | Killed Grinder
  1495 | D:3      | Found a runed door.
  1499 | D:3      | Noticed Crazy Yiuf
  1503 | D:3      | Killed Crazy Yiuf
  1503 | D:3      | Reached skill level 1 in Unarmed Combat
  1722 | D:2      | Found a hide-covered altar of Uskayaw.
  1728 | D:2      | Found a sparkling altar of Nemelex Xobeh.
  1729 | D:2      | Found a sacrificial altar of Ru.
  1966 | D:1      | Reached * piety under Cheibriados
  2199 | D:6      | Reached skill level 2 in Unarmed Combat
  2289 | D:5      | Reached skill level 1 in Shields
  2456 | D:6      | Reached skill level 3 in Unarmed Combat
  2542 | D:6      | Found a shimmering altar of Xom.
  2542 | D:6      | Found a glowing silver altar of Zin.
  2547 | D:6      | Found a shattered altar of Ashenzari.
  2549 | D:6      | Found an iron altar of Okawaru.
  2550 | D:6      | Found a hazy altar of Hepliaklqana.
  2671 | D:7      | Reached skill level 4 in Unarmed Combat
  2671 | D:7      | Reached XP level 9. HP: 35/53 MP: 14/14
  2752 | D:7      | Reached skill level 5 in Unarmed Combat
  2774 | D:7      | Noticed a two-headed ogre
  2782 | D:7      | Reached ** piety under Cheibriados
  2826 | D:7      | Killed a two-headed ogre
  2826 | D:7      | Reached skill level 6 in Unarmed Combat
  3029 | D:7      | Reached skill level 7 in Unarmed Combat
  3127 | D:7      | Found a burning altar of Makhleb.
  3287 | D:8      | Reached skill level 5 in Shields
  3294 | D:8      | Found a glowing golden altar of the Shining One.
  3299 | D:8      | Found a basalt altar of Yredelemnul.
  3442 | D:8      | Reached XP level 10. HP: 49/58 MP: 15/15
  3451 | D:8      | Reached skill level 8 in Unarmed Combat
  3606 | D:9      | Reached *** piety under Cheibriados
  3619 | D:9      | Found a staircase to the Orcish Mines.
  3888 | D:10     | Entered Level 10 of the Dungeon
  3888 | D:10     | Noticed a two-headed ogre
  3897 | D:9      | Reached **** piety under Cheibriados
  4018 | D:10     | Reached skill level 1 in Invocations
  4081 | D:10     | Noticed Urug
  4083 | D:10     | vampiric demon trident... hmm...
  4084 | D:10     | Noticed Urug
  4084 | D:10     | Urug changed into Urug the jumping spider
  4094 | D:10     | Killed Urug the jumping spider
  4094 | D:10     | Reached skill level 9 in Unarmed Combat
  4103 | D:10     | Found a staircase to the Lair.
  4157 | D:10     | hm..............
  4158 | D:10     | it could carry me even though i have no statue form for now
  4494 | D:12     | Reached skill level 1 in Polearms
  4550 | D:12     | Noticed a green ugly thing
  4570 | D:12     | Noticed a brown ugly thing
  4575 | D:12     | Killed a green ugly thing
  4575 | D:12     | Reached XP level 11. HP: 61/64 MP: 16/16
  4579 | D:12     | Killed a brown ugly thing
  4615 | D:12     | Reached skill level 5 in Invocations
  4721 | D:12     | Noticed a queen ant
  4735 | D:12     | Killed a queen ant
  4742 | D:12     | Noticed an entropy weaver
  4757 | D:12     | Noticed an entropy weaver
  4780 | D:12     | Killed an entropy weaver
  5059 | D:11     | Found a shadowy altar of Dithmenos.
  5088 | D:10     | Reached skill level 5 in Polearms
  5251 | D:12     | Noticed a green ugly thing
  5489 | D:12     | Reached ***** piety under Cheibriados
  5558 | D:12     | Reached XP level 12. HP: 74/74 MP: 17/17
  5582 | D:12     | Upgraded the game from 0.21-a0-630-g344d351 to 0.22-a0-247-gbddf880
  5619 | D:12     | HP: 3/75 [slime creature (17)]
  5620 | D:12     | Slain by a slime creature

Vault maps used:
D:1:      nicolae_arrival_memento_mori, minmay_ruptured
D:2:      grunt_temple_overflow_open, first_ration
D:3:      minmay_wonky_spiral, overflow_temple_1_default, uniq_grinder,
          uniq_crazy_yiuf_cottage, uniq_ijyb
D:4:      minmay_temple_entry_nine_rooms
D:5:      nicolae_gozag_seed_capital, basic_altar, minmay_item_behind_shaft,
          nemelex_diamond_rough_becter, uniq_pikel
D:6:      chequers_temple_overflow_minitemple, grunt_decor_mini_mirrors
D:7:      kennysheep_steamy, demons_altar
D:8:      grunt_temple_overflow_holy_war, grunt_ogre_cave
D:10:     david_lair_shrubbed, uniq_urug
D:11:     serial_shops, shop, basic_altar, serial_co_window_serial,
          co_window_of_opportunity_a, co_window_paths_b, co_window_paths_b,
          co_window_of_opportunity_a, co_window_corner_a, co_window_2corner,
          co_window_broadway_b, co_window_2corner, co_window_broadway_c,
          glass_columns_a, glass_columns_a, glass_columns_a
D:12:     serial_glass, glass_columns_b, glass_columns_b, minivault_29
Temple:   nicolae_temple_figure_zero

Skill      XL: |  1  2  3  4  5  6  7  8  9 10 11 12 |
---------------+-------------------------------------+-----
Stealth        | 2 3 4 5 7 8 |  8.0
Dodging        | 3 4 5 7 8 |  8.0
Evocations     | 4 5 6 7 |  7.0
Unarmed Combat | 4 7 9 |  9.1
Shields        | 2 5 6 7 |  7.7
Invocations    | 4 7 |  7.5
Polearms       | 2 5 6 |  6.0
Fighting       | 2 4 |  4.3
Short Blades   | |  1.0

Action                   |  1- 3 |  4- 6 |  7- 9 | 10-12 || total
-------------------------+-------+-------+-------+-------++-------
Melee: Short sword       |    33 |    26 |    64 |       ||   123
       Constrict         |     8 |     7 |    73 |    80 ||   168
       Tentacles         |     3 |     7 |    63 |   134 ||   207
       Unarmed           |       |       |   187 |   113 ||   300
       Punch             |       |       |     5 |    43 ||    48
       Demon trident     |       |       |       |   263 ||   263
Invok: Slouch            |       |       |       |     5 ||     5
       Temporal Distorti |       |       |       |     1 ||     1
Evoke: Wand              |    15 |    16 |    33 |    23 ||    87
       Sack of spiders   |       |       |       |     1 ||     1
  Use: Potion            |     2 |       |     1 |     7 ||    10
       Scroll            |       |       |     8 |     8 ||    16
 Stab: Sleeping          |     2 |     1 |    17 |     9 ||    29
       Paralysed         |       |     1 |    17 |       ||    18
       Invisible         |       |       |       |     1 ||     1
  Eat: Chunk             |       |       |     6 |     3 ||     9
       Ration            |       |       |       |     2 ||     2
Armor: Skin              |     1 |     6 |    23 |    24 ||    54
Dodge: Dodged            |    25 |    13 |   142 |   172 ||   352
Block: Shield            |       |       |    57 |   223 ||   280

Table legend:
 A = Spawn XP
 B = Non-spawn XP
 C = Spawn XP percentage of total XP
 D = Spawn monster count
 E = Non-spawn monster count
 F = Spawn count percentage of total count
 G = Total turns spent on level
                    A         B        C        D         E        F      G
               +---------+---------+-------+---------+---------+-------+---------
         Total |       0 |   19396 |   0.0 |       0 |     269 |   0.0 |  5620
               +---------+---------+-------+---------+---------+-------+---------
           D:1 |       0 |      17 |   0.0 |       0 |      10 |   0.0 |   338
           D:2 |       0 |      17 |   0.0 |       0 |      10 |   0.0 |   282
           D:3 |       0 |     523 |   0.0 |       0 |      29 |   0.0 |   674
           D:4 |       0 |     340 |   0.0 |       0 |      14 |   0.0 |   423
           D:5 |       0 |     984 |   0.0 |       0 |      31 |   0.0 |   460
           D:6 |       0 |     344 |   0.0 |       0 |      14 |   0.0 |   461
           D:7 |       0 |    1887 |   0.0 |       0 |      20 |   0.0 |   509
           D:8 |       0 |     752 |   0.0 |       0 |      13 |   0.0 |   353
           D:9 |       0 |    1087 |   0.0 |       0 |      27 |   0.0 |   392
          D:10 |       0 |    2319 |   0.0 |       0 |      15 |   0.0 |   482
          D:11 |       0 |     804 |   0.0 |       0 |      13 |   0.0 |   489
          D:12 |       0 |   10322 |   0.0 |       0 |      73 |   0.0 |   705
               +---------+---------+-------+---------+---------+-------+---------
